 Dungeon Crawl Stone Soup version 0.28.0-45-g0d030f2227 (webtiles) character file.

Game seed: 16762820408422703445

2 experimilk the Skirmisher (level 1, 0/19 HPs)
             Began as a Palentonga Fighter on Apr 2, 2022.
             Slain by a kobold
             ... wielding a +0 dagger
              (1 damage)
             ... on level 1 of the Dungeon.
             The game lasted 00:00:15 (80 turns).

experimilk the Skirmisher (Palentonga Fighter)        Turns: 80, Time: 00:00:16

Health: 0/19       AC:  6    Str: 19    XL:     1   Next: 33%
Magic:  1/1        EV:  7    Int:  8    God:
Gold:   0          SH:  4    Dex:  9    Spells: 0/0 levels left

rFire   . . .      SeeInvis +   a - +0 flail
rCold   . . .      Faith    .   c - +0 buckler
rNeg    . . .      Spirit   .   b - +0 scale mail
rPois   .          Reflect  .   (no helmet)
rElec   .          Harm     .   (no cloak)
rCorr   .          Rampage  .   (no gloves)
Will    .....                   (no barding)
Stlth   ..........              (no amulet)
HPRegen 0.06/turn               (no ring)
MPRegen 0.07/turn               (no ring)

@: lethally poisoned (0 -> -19)
A: large, rugged brown scales 3, see invisible, deformed body, roll 1, armoured
tail
a: Rolling Charge


You were on level 1 of the Dungeon.
You visited 1 branch of the dungeon, and saw 1 of its levels.

Inventory:

Hand Weapons
 a - a +0 flail (weapon)
Armour
 b - a +0 scale mail (worn)
 c - a +0 buckler (worn)
Potions
 d - a potion of might
 e - a potion of cancellation


   Skills:
 - Level 3.0 Fighting
 + Level 2.2 Maces & Flails
 - Level 2.4 Armour
 - Level 2.4 Shields


You couldn't memorise any spells.
You didn't know any spells.
Your spell library was empty.

Dungeon Overview and Level Annotations

Branches:
Dungeon (1/15)

Altars:


Innate Abilities, Weirdness & Mutations

You are completely covered in rugged brown scales. (AC +3, +7% HP)
You have supernaturally acute eyesight. (SInv)
Armour fits poorly on your strangely shaped body.
You can roll at nearby foes to attack.
You have a long armoured tail.


Message History

The kobold is moderately wounded.
The kobold barely misses you. The kobold hits you but does no damage.
The endoplasm hits you but does no damage.
The kobold completely misses you.
There are monsters nearby!
You closely miss the kobold.
The kobold is moderately wounded.
The kobold hits you but does no damage. The endoplasm freezes you.
You are frozen.
The kobold hits you but does no damage.
You are poisoned.
There are monsters nearby!
You hit the kobold.
The kobold is heavily wounded.
You feel very sick. The kobold hits you with a +0 dagger.
The endoplasm barely misses you. The kobold hits you but does no damage.
You are lethally poisoned!
The kobold hits you with a +0 dagger.
The endoplasm hits you but does no damage.
The kobold hits you with a +1 dagger of venom.
You are more poisoned.
You are too injured to fight recklessly!
There is a lethal amount of poison in your body!
You are too injured to fight recklessly!
There is a lethal amount of poison in your body!
You are too injured to fight recklessly!
There is a lethal amount of poison in your body!
You are too injured to fight recklessly!
You are too injured to fight recklessly!
There is a lethal amount of poison in your body!
You are too injured to fight recklessly!
There is a lethal amount of poison in your body!
You are too injured to fight recklessly!
It was a potion of cancellation.
You feel magically purged.
* * * LOW HITPOINT WARNING * * *
You feel very sick.
The endoplasm hits you but does no damage.
The kobold hits you with a +0 dagger.
You die...

.......# ......# [.....#
......# ♣♣♣♣♣♣$....#
P...♣.....# ♣.KJK.#.#
♣♣@#.#.# # ♣....#.# .#
### ##...#(##.. #...
#...#... #####...
###..#♣.♣####.......
#.............#.....
.....#.♣.♣.♣.♣..##.....
.....##.....[....##.....
..... ##♣#♣#♣#♣#........


You could see an endoplasm and 2 kobolds.

Vanquished Creatures
  A giant cockroach (D:1)
  A ball python (D:1)
  A bat (D:1)
3 creatures vanquished.

Notes
Turn   | Place    | Note
-------+----------+-------------------------------------------
     0 | D:1      | experimilk the Palentonga Fighter began the quest for the
                  | Orb.
     0 | D:1      | Reached XP level 1. HP: 19/19 MP: 1/1
    80 | D:1      | Slain by a kobold

Illustrated notes

Levels and vault maps discovered:
D:1:      sevenhm_arrival_forest_fort_large_2, layout_rooms, serial_forest,
          infiniplex_forest_zigzag_1, infiniplex_forest_clump_large,
          infiniplex_forest_clump_curved, infiniplex_forest_pool,
          infiniplex_forest_3_way, infiniplex_forest_lined_3_way, serial_shops,
          nicolae_shop_behind_doors, shop, nicolae_shop_crystal,
          nicolae_shop_behind_doors, amcnicky_mini_rare_corridor_liquid

Action                   || total
-------------------------++-------
Melee: Flail             ||    12
       Tailslap          ||     2
  Use: Potion            ||     1
Armor: Scale mail        ||    15
Dodge: Dodged            ||     6
Block: Buckler           ||     2
